 Dungeon Crawl Stone Soup version 0.17-a0-1210-g1e4f09d (webtiles) character file.

346505 Fluffy the End of an Era (level 21, -2/166 HPs)
             Began as a Demonspawn Gladiator on June 4, 2015.
             Was the Champion of Qazlal.
             Killed from afar by a Hell Sentinel (22 damage)
             ... with a blast of hellfire
             ... on level 1 of the Abyss.
             The game lasted 04:34:43 (46255 turns).

Fluffy the End of an Era (Demonspawn Gladiator)    Turns: 46255, Time: 04:34:44

Health: -2/166     AC: 32    Str: 23    XL:     21   Next: 19%
Magic:  0/53       EV: 17    Int:  8    God:    Qazlal [******]
Gold:   2137       SH:  8    Dex: 27    Spells: 0 memorised, 20 levels left

rFire  + + .     SeeInvis .     b - +9 great sword (vamp)
rCold  + + .     Rnd*Rage +     i - +7 gold dragon armour
rNeg   + . .     SustAt   .     (no shield)
rPois  +         Gourm    .     n - +0 hat
rElec  .         Spirit   +     K - +2 cloak {rC+}
rCorr  .         Warding  .     (gloves unavailable)
rMut   .         Rnd*Tele +     H - +0 pair of boots
MR     +++..                    f - amulet of faith
Stlth  ..........               R - ring of Loaluk {rF+ MP+9 Dex+5}
                                S - ring of Aplurum {MR+ MP+9 Dex+4 Slay+3}

@: lethally poisoned (-2 -> -2), about to teleport, protected from physical
damage, repel missiles, extremely resistant to hostile enchantments, extremely
unstealthy
A: beak, claws 3, rugged brown scales 2, berserk 1, deformed body, dopey 1,
frail 1, magic resistance 1, negative energy resistance 1, powered by death 2,
regeneration 2, screaming 1, strong 1, teleportitis 1, evolution 1, magic
shield, magic regeneration, magic link, no device heal 1, MP-powered wands
a: Upheaval, Elemental Force, Disaster Area, Renounce Religion
}: 2/15 runes: decaying, serpentine


You were on level 1 of the Abyss.
You worshipped Qazlal.
Qazlal was exalted by your worship.
You were not hungry.

You visited 8 branches of the dungeon, and saw 41 of its levels.
You visited the Abyss 1 time.
You visited 2 bazaars.
You also visited: Labyrinth, Trove, Sewer, Ossuary, Ice Cave and Volcano.

You collected 5228 gold pieces.
You spent 3091 gold pieces at shops.

Inventory:

Hand weapons
 b - a +9 vampiric great sword (weapon)
 d - a +0 triple sword of electrocution
 v - the +8 great sword "Godettin" {freeze, +Fly rElec Dex+3}
   (You bought it in a shop in a bazaar)

   It has been specially enchanted to freeze those struck by it, causing extra
   injury to most foes and up to half again as much damage against particularly
   susceptible opponents.
   It can also slow down cold-blooded creatures.
   It affects your dexterity (+3).
   It insulates you from electricity.
   It lets you fly.
Armour
 i - a +7 gold dragon armour (worn)
 n - a +0 hat (worn)
 C - the cursed +3 crown of Eternal Torment {rTorment HP-- rN+++ SInv *Curse}
   (You found it on level 6 of the Dungeon)

   It renders you almost immune to negative energy.
   It lets you see invisible.
   It may re-curse itself when equipped.
   It has a curse placed upon it.
 H - a +0 pair of boots (worn)
 K - a +2 cloak of cold resistance (worn)
Jewellery
 a - an uncursed ring of protection from cold
 f - an amulet of faith (around neck)
 k - an uncursed ring of positive energy
 E - the ring "Guhan" {Wiz rF+}
   (You took it off a human on level 13 of the Dungeon)

   [ring of wizardry]

   It improves your spell success rate.
   It protects you from fire.
 I - an uncursed ring of flight
 J - the ring "Xuyhie" {Int+3 SInv Stlth+}
   (You found it in a treasure trove)

   [ring of see invisible]

   It affects your intelligence (+3).
   It lets you see invisible.
   It makes you more stealthy.
 P - an uncursed amulet of resist mutation
 Q - an uncursed ring of sustain attributes
 R - the ring of Loaluk (right claw) {rF+ MP+9 Dex+5}
   (You found it in a treasure trove)

   [ring of magical power]

   It affects your dexterity (+5).
   It protects you from fire.
   It affects your magic capacity (+9).
 S - the ring of Aplurum (left claw) {MR+ MP+9 Dex+4 Slay+3}
   (You found it in a treasure trove)

   [ring of protection from magic]

   It affects your dexterity (+4).
   It affects your accuracy and damage with ranged weapons and melee attacks
   (+3).
   It affects your resistance to hostile enchantments.
   It affects your magic capacity (+9).
 U - an uncursed amulet of resist corrosion
Magical devices
 V - a wand of teleportation (2)
 X - a wand of digging (15)
Scrolls
 j - 18 scrolls of remove curse
 p - 7 scrolls of recharging
 q - 13 scrolls of teleportation
 s - 2 scrolls of blinking
 y - 9 scrolls of identify
 D - 2 scrolls of magic mapping
 G - 8 scrolls of fog
 M - 3 scrolls of brand weapon
 W - a scroll of silence
 Y - 3 scrolls of torment
 Z - 3 scrolls of enchant weapon
Potions
 g - 4 potions of resistance
 t - a potion of curing
 w - 5 potions of haste
 x - 2 potions of cure mutation
 z - 7 potions of might
 A - 5 potions of magic
 B - 8 potions of heal wounds
 F - 6 potions of agility
 N - 4 potions of cancellation
Miscellaneous
 o - 2 phantom mirrors
Comestibles
 c - a chunk of flesh
 e - 25 bread rations
 h - 10 beef jerkies
 l - 12 slices of pizza
 r - 21 meat rations
 L - 10 royal jellies
 T - 31 fruits


   Skills:
 + Level 17.5 Fighting
 + Level 16.2 Long Blades
 - Level 1.7 Throwing
 + Level 15.9 Armour
 + Level 16.2 Dodging
 + Level 20.5 Invocations


You had 20 spell levels left.
You didn't know any spells.

Dungeon Overview and Level Annotations

Branches:
Dungeon (15/15)            Temple (1/1) D:6            Lair (8/8) D:9
  Swamp (4/4) Lair:6        Snake (4/4) Lair:4        Slime (0/6) Lair:7
    Orc (4/4) D:12            Elf (1/3) Orc:3        Vaults (4/5) D:13
  Crypt (0/3) Vaults:3     Depths (0/5) D:15

Altars:
Ashenzari
Cheibriados
Dithmenos
Elyvilon
Fedhas
Gozag
Kikubaaqudgha
Makhleb
Nemelex Xobeh
Okawaru
Qazlal
Ru
Sif Muna
Trog
Vehumet
Xom
Yredelemnul
Zin
The Shining One
Beogh
Jiyva

Shops:
D:6 [   D:15 (   Orc:2 [   Orc:4 [(([   Snake:1 ?   Vaults:1 %   Vaults:4 *


Innate Abilities, Weirdness & Mutations

You have claws for hands.
You are mostly covered in rugged brown scales (AC +2, +5% HP).
You resist negative energy.
You can steal the life force of defeated enemies.
When hurt, damage is shared between your health and your magic reserves.
You regenerate magic rapidly.
When low on magic, you restore magic in place of health.
You have a beak for a mouth.
You are frail (-10% HP).
You are resistant to hostile enchantments.
You heal very quickly.
You occasionally shout uncontrollably at your foes.
Your muscles are strong. (Str +2)
You evolve.
[You tend to lose your temper in combat.]
[Armour fits poorly on your strangely shaped body.]
[You are dopey. (Int -2)]
[You are occasionally teleported to nearby monsters.]
[Potions and wands are less effective at restoring your health.]
[You expend magic power (3 MP) to strengthen your wands.]


Message History

* * * LOW HITPOINT WARNING * * *
Read which item? (? for menu, Esc to quit)
As you read the scroll of teleportation, it crumbles to dust.
You feel strangely unstable.
You feel the power of the Abyss delaying your translocation!
You feel sick.
The tormentor hits you but does no damage.
The tormentor misses you.
The Hell Sentinel hits you but does no damage. x2
Your protection from physical attacks is fading.
You feel sick. The Hell Sentinel gestures at you.
The hellfire explodes!
The blast of hellfire engulfs you!
* * * LOW HITPOINT WARNING * * *
You feel sick.
You feel sick.
You feel sick. The Hell Sentinel gestures at you.
The hellfire explodes!
The blast of hellfire engulfs you!
You die...

§ . ... . ..#.. . . ..
..#... . .. . ##...
.##### #....§#...# ##
.... #...#..# ## .
###'.##...##.# ##.# .
#....§#..§#.##....# .
#...§.@...§..#... .
......§§..1.##...##.
.#....§§)..2#§. ....
.##.....#####.......##
#######.....##.#.... .
.....§§2####.## # . .
.........## . #.)...
... ........#... #


You could see a Hell Sentinel and a tormentor.

Vanquished Creatures
  Mennas (Vaults:4)
  Sojobo (Vaults:4)
  Vashnia (Snake:3)
  Xtahua (Vaults:4)
  A bone dragon (Abyss:1)
  A lich (Abyss:1)
  Frances (D:14)
  2 tentacled starspawn (Abyss:1)
  A thorn hunter (Swamp:3)
  2 tengu reavers (Vaults:4)
  Roxanne (Snake:3)
  A fire giant (Vaults:4)
  Wiglaf (Vaults:1)
  19 greater nagas
  2 frost giants
  2 orc warlords
  2 deep elf sorcerers
  7 vault wardens
  Aizul (Vaults:2)
  Louise (Swamp:2)
  10 ironheart preservers
  A reaper (Abyss:1)
  Nessos (Lair:8)
  5 dire elephants
  A stone giant (Vaults:3)
  A vampire knight (Vaults:3)
  3 ettins
  Snorg (Lair:3)
  2 jiangshi (Abyss:1)
  A minotaur (Lab)
  A deep elf death mage (Vaults:2)
  The ghost of Noname the Destroyer, a powerful DECj of Dithmenos (Lair:4)
  10 vault guards
  Josephine (Lair:4)
  6 yaktaur captains
  A great orb of eyes (Vaults:1)
  5 fire dragons
  2 ghost crabs
  8 naga warriors
  18 hydras
  3 catoblepae
  8 centaur warriors
  10 anacondas
  A tengu warrior (D:14)
  2 salamander stormcallers
  8 death yaks
  12 alligators
  5 ogre magi
  3 deep troll shamans
  3 deep troll earth magi
  7 shock serpents
  7 small abominations
  A thrashing horror (Abyss:1)
  A vampire mage (Abyss:1)
  A queen ant (Lair:7)
  A large abomination (Vaults:3)
  15 naga sharpshooters
  2 storm dragon zombies
  An orc high priest (Orc:4)
  A shadow wraith (Vaults:4)
  Sonja (D:12)
  A shock serpent (shapeshifter) (D:15)
  A wretched star (Abyss:1)
  2 deep elf knights
  A storm dragon skeleton (Vaults:2)
  3 salamander mystics
  An unseen horror (shapeshifter) (Vaults:1)
  A spriggan druid (Swamp:4)
  9 hill giants
  A deep elf summoner (Elf:1)
  A giant orange brain (Vaults:4)
  15 swamp dragons
  An ice statue (IceCv)
  14 deep trolls
  16 ironbrand convokers
  A swamp dragon (shapeshifter) (D:14)
  An obsidian statue (Vaults:3)
  2 unseen horrors
  9 sea snakes
  5 naga ritualists
  3 shambling mangroves
  12 orc knights
  11 mana vipers
  2 lindwurms
  5 hornets
  4 wizards
  5 harpies (Vaults:4)
  4 necromancers
  An iron dragon zombie (Abyss:1)
  A deep elf conjurer (Vaults:3)
  8 salamanders
  8 griffons
  A phantasmal warrior (Vaults:3)
  4 wolf spiders
  27 ugly things
  A faun (shapeshifter) (D:15)
  20 slime creatures
  A worldbinder (Abyss:1)
  The ghost of asdu the Cleaver, an experienced GrBe of Trog (D:8)
  A sixfirhy (Vaults:1)
  7 cyclopes
  A manticore (D:15)
  46 black mambas
  11 spiny frogs
  4 orc sorcerers
  A stone giant skeleton (Vaults:2)
  12 guardian serpents (Snake:4)
  2 molten gargoyles (Volcano)
  A black mamba (shapeshifter) (Vaults:3)
  5 smoke demons
  12 vault sentinels
  14 elephants
  An octopode (shapeshifter) (D:15)
  Psyche (D:8)
  A torpor snail (Lair:5)
  13 naga magi
  A gargoyle (D:15)
  2 centaur skeletons
  3 kobold demonologists
  A queen bee (D:14)
  A fire drake (shapeshifter) (D:15)
  2 ancient zymes (Abyss:1)
  An efreet (Volcano)
  A demonic crawler (Abyss:1)
  A fire drake (Lair:6)
  5 freezing wraiths
  6 deep elf priests
  A tengu conjurer (D:15)
  39 yaktaurs
  8 komodo dragons
  A jumping spider (shapeshifter) (Vaults:1)
  5 trolls
  6 two-headed ogres
  8 blink frogs
  A harpy skeleton (D:15)
  8 giant leeches
  20 bog bodies
  13 polar bears
  19 ravens
  2 hornet zombies
  2 boulder beetles
  5 shadows
  The ghost of nuthulu the Shield-Bearer, an average GrFi (D:4)
  A raiju (Abyss:1)
  2 spriggans
  Sigmund (D:6)
  3 air elementals
  A tarantella (shapeshifter) (Vaults:2)
  3 wyverns
  2 fire bats (Volcano)
  7 wraiths
  11 deep elf magi
  2 fire elementals
  A hog (D:12)
  3 basilisks
  37 vampire mosquitoes
  3 vampires (Vaults:3)
  4 water elementals
  19 humans
  10 deep elf fighters
  A steam dragon (D:7)
  A neqoxec (Vaults:3)
  39 yaks
  29 nagas
  18 swamp worms
  4 hungry ghosts
  A mottled dragon (D:12)
  37 wolves
  A mottled dragon (shapeshifter) (D:15)
  6 wargs
  8 hippogriffs
  22 insubstantial wisps
  23 water moccasins
  A wolf (shapeshifter) (Vaults:2)
  7 soldier ants (Lair:7)
  13 swamp drakes
  Duvessa (D:5)
  57 orc warriors
  3 phantoms
  9 porcupines
  6 sky beasts
  A black bear (D:9)
  An eye of draining (Abyss:1)
  9 boggarts
  4 necrophages
  3 wasps
  4 ice beasts
  An eye of draining (shapeshifter) (Vaults:1)
  27 ogres
  16 crocodiles
  10 centaurs
  An elf zombie (D:7)
  A gnoll sergeant (D:9)
  2 human simulacra
  4 big kobolds
  23 giant frogs
  Dowan (D:5)
  2 earth elementals (Volcano)
  A yaktaur skeleton (Vaults:1)
  3 scorpions
  A wyvern zombie (D:13)
  An orc simulacrum (Vaults:1)
  A troll zombie (D:7)
  2 wyvern skeletons
  30 killer bees
  16 electric eels
  A lava snake (Volcano)
  8 wights
  A troll skeleton (D:7)
  10 crimson imps
  7 centaur zombies
  7 hounds
  5 jellies
  38 orc wizards
  3 quasits
  5 human zombies
  A yaktaur simulacrum (Vaults:1)
  4 starcursed masses (Abyss:1)
  7 giant frog skeletons
  38 orc priests
  2 human skeletons
  4 iron imps (Abyss:1)
  30 worker ants
  9 iguanas
  33 sheep
  A hound zombie (D:9)
  A hound skeleton (D:10)
  10 gnolls
  11 mummies
  2 worker ant zombies
  28 adders
  8 river rats
  2 shadow imps
  A giant eyeball (D:12)
  8 ufetubi
  An adder zombie (D:8)
  14 oozes
  5 worms
  21 giant geckos
  220 orcs
  20 ball pythons
  13 bats
  A bat skeleton (D:4)
  A bat zombie (D:5)
  17 giant cockroaches
  A gnoll zombie (Ossuary)
  18 hobgoblins
  5 quokkas
  16 giant newts
  33 goblins
  2 hobgoblin zombies (Ossuary)
  8 jackals
  A jackal skeleton (D:4)
  21 kobolds
  3 kobold zombies
  6 orc zombies
  23 rats
  8 briar patches (Swamp:3)
  A bush (Lair:3)
  A crawling corpse (Vaults:3)
  86 fungi
  64 plants
  A starspawn tentacle (Abyss:1)
2179 creatures vanquished.

Vanquished Creatures (collateral kills)
  the Lernaean hydra (Swamp:4)
  6 hydras
  A naga sharpshooter (Snake:3)
  A spiny frog (Swamp:3)
  A water elemental (D:15)
  A crocodile (Lair:5)
  An orc priest (D:7)
12 creatures vanquished.

Vanquished Creatures (others)
  A vault warden (Vaults:1)
  Erolcha (D:9)
  A naga warrior (Snake:4)
  A hill giant (D:8)
  An ugly thing (Vaults:1)
  A guardian serpent (Snake:4)
  A raven (Swamp:1)
  A fire vortex (Volcano)
  7 air elementals
  A deep elf mage (Elf:1)
  12 water elementals
  4 fire elementals
  A deep elf fighter (Elf:1)
  An orc warrior (D:7)
  An ogre (Vaults:2)
  An adder (D:3)
  2 orcs (D:3)
  12 fungi
  9 plants
  5 starspawn tentacles (Abyss:1)
  16 starspawn tentacle segments (Abyss:1)
  15 toadstools (Lair:5)
95 creatures vanquished.

Grand Total: 2286 creatures vanquished

Notes
Turn   | Place    | Note
--------------------------------------------------------------
     0 | D:1      | Fluffy the Demonspawn Gladiator began the quest for the Orb.
     0 | D:1      | Reached XP level 1. HP: 16/16 MP: 1/1
   223 | D:1      | Gained mutation: When hurt, damage is shared between your health and your magic reserves. [demonic ancestry]
   223 | D:1      | Reached XP level 2. HP: 19/22 MP: 2/2
   577 | D:1      | Reached skill level 3 in Long Blades
   828 | D:1      | Reached skill level 1 in Armour
   834 | D:1      | Reached XP level 3. HP: 15/28 MP: 3/3
  1972 | D:2      | Reached XP level 4. HP: 29/34 MP: 2/4
  2662 | D:3      | Found a glowing drain.
  2685 | Sewer    | Entered a sewer
  2741 | Sewer    | Reached XP level 5. HP: 39/41 MP: 5/5
  3209 | Sewer    | Noticed a giant frog
  3221 | Sewer    | Killed a giant frog
  3221 | Sewer    | Reached skill level 4 in Dodging
  3221 | Sewer    | Reached XP level 6. HP: 33/47 MP: 2/6
  3666 | D:3      | Found a radiant altar of Vehumet.
  4481 | D:4      | Noticed nuthulu's ghost (average GrFi)
  4677 | D:4      | Got an encrusted leather armour
  4700 | D:4      | Identified the +2 leather armour "Qooqij" {*Drain rF+ rCorr Str+7} (You found it on level 4 of the Dungeon)
  5058 | D:4      | Found a deep blue altar of Sif Muna.
  5639 | D:4      | Killed nuthulu's ghost
  5639 | D:4      | Gained mutation: You regenerate magic rapidly. [demonic ancestry]
  5639 | D:4      | Reached XP level 7. HP: 31/54 MP: 3/7
  6272 | D:5      | Entered Level 5 of the Dungeon
  6273 | D:5      | Noticed Duvessa
  6276 | D:5      | Noticed Dowan
  6281 | D:5      | Killed Duvessa
  6292 | D:5      | Found a snail-covered altar of Cheibriados.
  6294 | D:5      | Killed Dowan
  6294 | D:5      | Reached skill level 5 in Dodging
  6476 | D:5      | Reached skill level 5 in Fighting
  6476 | D:5      | Reached XP level 8. HP: 49/62 MP: 6/8
  6653 | D:5      | Found a sand-covered staircase.
  6660 | Ossuary  | Entered an ossuary
  7694 | D:5      | Reached skill level 5 in Long Blades
  8179 | D:6      | Reached skill level 5 in Armour
  8190 | D:6      | Found a blossoming altar of Fedhas.
  8205 | D:6      | Reached skill level 6 in Dodging
  8206 | D:6      | Noticed Sigmund
  8243 | D:6      | Killed Sigmund
  8243 | D:6      | Gained mutation: You are partially covered in rugged brown scales (AC +1, +3% HP). [demonic ancestry]
  8243 | D:6      | Reached XP level 9. HP: 19/71 MP: 2/9
  9111 | D:6      | Found Toit's Antique Armour Boutique.
  9314 | D:6      | Bought a shimmering chain mail for 256 gold pieces
  9325 | D:6      | Identified the cursed +1 chain mail of the Bard {Regen+ Str+4} (You bought it in a shop on level 6 of the Dungeon)
  9355 | D:6      | Found a staircase to the Ecumenical Temple.
  9364 | Temple   | Entered the Ecumenical Temple
  9429 | Temple   | Became a worshipper of Qazlal Stormbringer
  9786 | D:7      | Reached skill level 1 in Invocations
  9793 | D:7      | Reached skill level 7 in Dodging
 10040 | D:7      | Got a faintly glowing mace
 10041 | D:7      | Identified the +6 mace "Xoufuc" {elec, rElec Str+7} (You found it on level 7 of the Dungeon)
 10570 | D:7      | Found a basalt altar of Yredelemnul.
 10577 | D:7      | Gained mutation: You can steal the life force of nearby defeated enemies. [demonic ancestry]
 10577 | D:7      | Reached XP level 10. HP: 80/80 MP: 12/12
 10598 | D:7      | Acquired Qazlal's first power
 11023 | D:8      | Noticed asdu's ghost (experienced GrBe)
 11044 | D:8      | Killed asdu's ghost
 11060 | D:8      | Noticed a hill giant
 11076 | D:8      | Noticed Psyche
 11095 | D:8      | Killed a hill giant
 11104 | D:8      | Killed Psyche
 11104 | D:8      | Reached skill level 8 in Fighting
 11596 | D:8      | Found an ancient bone altar of Kikubaaqudgha.
 11674 | D:8      | Found a sacrificial altar of Ru.
 12063 | D:9      | Noticed Erolcha
 12156 | D:9      | Reached skill level 5 in Invocations
 12187 | D:9      | Acquired Qazlal's second power
 12366 | D:9      | Found a staircase to the Lair.
 12643 | D:9      | Killed Erolcha
 12821 | D:9      | Found a glowing silver altar of Zin.
 12893 | D:9      | Reached XP level 11. HP: 88/88 MP: 15/15
 12924 | D:10     | Entered Level 10 of the Dungeon
 13064 | D:10     | Acquired Qazlal's third power
 13908 | D:11     | Noticed a hill giant
 13923 | D:11     | Killed a hill giant
 13968 | D:11     | Reached skill level 9 in Fighting
 14030 | D:11     | Acquired Qazlal's fourth power
 14052 | D:11     | Got a faintly glowing chain mail
 14094 | D:11     | Identified the +6 chain mail of the Stars {Int+2} (You took it off a big kobold on level 11 of the Dungeon)
 14106 | D:11     | Noticed a hill giant
 14117 | D:11     | Killed a hill giant
 14435 | D:11     | Noticed a hill giant
 14451 | D:11     | Killed a hill giant
 14563 | D:12     | Noticed Sonja
 14707 | D:12     | Acquired Qazlal's fifth power
 14718 | D:12     | Noticed a hill giant
 14727 | D:12     | Killed a hill giant
 14764 | D:12     | Killed Sonja
 14978 | D:12     | Paralysed by a giant eyeball for 4 turns
 15058 | D:12     | Gained mutation: You can steal the life force of defeated enemies. [demonic ancestry]
 15058 | D:12     | Reached XP level 12. HP: 98/98 MP: 18/18
 15170 | D:12     | Noticed a hill giant
 15177 | D:12     | Killed a hill giant
 15177 | D:12     | Reached skill level 10 in Fighting
 15372 | D:12     | Found a staircase to the Orcish Mines.
 16180 | Orc:1    | Entered Level 1 of the Orcish Mines
 16233 | Orc:2    | Noticed an orc warlord
 16294 | Orc:2    | Killed an orc warlord
 16479 | Orc:2    | Found Zuschibi's Antique Armour Shop.
 16585 | Orc:3    | Found a frozen archway.
 16594 | IceCv    | Entered an ice cave
 16613 | IceCv    | Reached skill level 10 in Invocations
 16878 | IceCv    | Reached skill level 10 in Dodging
 16988 | IceCv    | Noticed a frost giant
 16994 | IceCv    | Reached XP level 13. HP: 57/106 MP: 10/20
 17011 | IceCv    | Killed a frost giant
 17529 | Orc:3    | Reached skill level 10 in Long Blades
 17839 | Orc:3    | Found a staircase to the Elven Halls.
 18420 | Orc:1    | Found a roughly hewn altar of Beogh.
 18602 | Orc:4    | Entered Level 4 of the Orcish Mines
 18665 | Orc:4    | Reached skill level 11 in Fighting
 18782 | Orc:4    | Noticed an orc warlord
 18789 | Orc:4    | Found a roughly hewn altar of Beogh.
 18798 | Orc:4    | Killed an orc warlord
 18835 | Orc:4    | Found a roughly hewn altar of Beogh.
 18840 | Orc:4    | Found Xarao's Weapon Shoppe.
 19035 | Orc:4    | Found a roughly hewn altar of Beogh.
 19109 | Orc:4    | Found a roughly hewn altar of Beogh.
 19255 | Orc:4    | Found a roughly hewn altar of Beogh.
 19263 | Orc:4    | Found Moufota's Antique Armour Shoppe.
 19439 | Orc:4    | Found Kisietrock's Antique Armour Shop.
 19440 | Orc:4    | Found a roughly hewn altar of Beogh.
 19463 | Orc:4    | Found Feof's Antique Weapon Boutique.
 19478 | Orc:4    | Bought a faintly glowing great sword for 345 gold pieces
 19541 | Orc:4    | Bought a glowing helmet for 90 gold pieces
 19848 | Lair:1   | Entered Level 1 of the Lair of Beasts
 19953 | Lair:1   | Reached skill level 10 in Armour
 21040 | Lair:2   | Identified a scroll of acquirement
 21041 | Lair:2   | Got a polished buckler
 21336 | Lair:2   | Reached skill level 12 in Invocations
 21359 | Lair:2   | Got a shimmering helmet
 21375 | Lair:2   | Identified the +2 helmet of Logutubb {+Inv rF+ MP+9} (You found it on level 2 of the Lair of Beasts)
 21847 | Lair:3   | Noticed Snorg
 21866 | Lair:3   | Killed Snorg
 22100 | Lair:3   | Gained mutation: You are mostly covered in rugged brown scales (AC +2, +5% HP). [demonic ancestry]
 22100 | Lair:3   | Reached XP level 14. HP: 88/118 MP: 23/23
 22252 | Lair:3   | You fall through a shaft for 2 floors!
 22297 | Lair:5   | Found a labyrinth entrance.
 22302 | Lab      | Entered a labyrinth
 23285 | Lair:5   | Found an iron altar of Okawaru.
 24213 | Lair:6   | Got an encrusted fire dragon armour
 24230 | Lair:6   | Identified the cursed +0 fire dragon armour of Lifelessness {rF++ rC- SInv} (You found it on level 6 of the Lair of Beasts)
 24312 | Lair:6   | Found a staircase to the Swamp.
 25182 | Lair:7   | Reached skill level 13 in Invocations
 25594 | Lair:7   | Found a staircase to the Slime Pits.
 25596 | Lair:7   | Found a viscous altar of Jiyva.
 25902 | Lair:7   | Gained mutation: Your natural rate of healing is unusually fast. [potion of beneficial mutation]
 25903 | Lair:7   | Gained mutation: You evolve. [potion of beneficial mutation]
 25904 | Lair:7   | Gained mutation: You can spit weak poison. [potion of beneficial mutation]
 25979 | Lair:8   | Entered Level 8 of the Lair of Beasts
 26016 | Lair:8   | Found a dark tunnel.
 26080 | Volcano  | Entered a volcano
 26294 | Volcano  | Found a burning altar of Makhleb.
 26587 | Volcano  | Gained mutation: You have a beak for a mouth. [evolution]
 26822 | Lair:8   | Noticed Nessos
 26847 | Lair:8   | Killed Nessos
 26847 | Lair:8   | Reached XP level 15. HP: 103/127 MP: 23/25
 27982 | Lair:4   | Noticed Noname's ghost (powerful DECj)
 27987 | Lair:4   | Noticed Josephine
 27999 | Lair:4   | Killed Josephine
 28004 | Lair:4   | Reached skill level 14 in Invocations
 28006 | Lair:4   | Killed Noname's ghost
 28062 | Lair:4   | Found a staircase to the Snake Pit.
 28401 | Lair:4   | Gained mutation: You heal very quickly. [evolution]
 29315 | Snake:1  | Entered Level 1 of the Snake Pit
 29410 | Snake:1  | Found Keh Nuki's Magic Scroll Emporium.
 29464 | Snake:1  | Bought a scroll of identify for 30 gold pieces
 29464 | Snake:1  | Bought a scroll of identify for 30 gold pieces
 30322 | Snake:2  | Reached skill level 15 in Invocations
 30325 | Snake:2  | Gained mutation: You have sharp fingernails. [demonic ancestry]
 30325 | Snake:2  | Reached XP level 16. HP: 117/136 MP: 20/27
 30343 | Snake:2  | Noticed a greater naga
 30352 | Snake:2  | Killed a greater naga
 30395 | Snake:2  | Noticed a greater naga
 30406 | Snake:2  | Killed a greater naga
 30920 | Snake:3  | Noticed Vashnia
 31044 | Snake:3  | Killed Vashnia
 31057 | Snake:3  | Noticed Roxanne
 31074 | Snake:3  | Gained mutation: Your muscles are strong. (Str +2) [evolution]
 31418 | Snake:3  | Killed Roxanne
 31597 | Swamp:1  | Entered Level 1 of the Swamp
 32213 | Swamp:1  | Reached skill level 16 in Invocations
 32513 | Swamp:2  | Noticed Louise
 32532 | Swamp:2  | Killed Louise
 32705 | Swamp:2  | Reached XP level 17. HP: 138/146 MP: 21/29
 33430 | Swamp:3  | Identified the +0 buckler of the Seven Tales {MR+} (You acquired it on level 2 of the Lair of Beasts)
 33938 | Swamp:4  | Entered Level 4 of the Swamp
 34304 | Swamp:4  | Reached skill level 17 in Invocations
 34511 | Swamp:4  | Noticed the 27-headed Lernaean hydra
 34526 | Swamp:4  | Killed the 26-headed Lernaean hydra
 34544 | Swamp:4  | Got a decaying rune of Zot
 35135 | Snake:4  | Entered Level 4 of the Snake Pit
 35282 | Snake:4  | Reached skill level 15 in Fighting
 35367 | Snake:4  | Gained mutation: You have very sharp fingernails. [demonic ancestry]
 35367 | Snake:4  | Reached XP level 18. HP: 147/155 MP: 23/30
 35879 | Snake:4  | Gained mutation: You are resistant to hostile enchantments. [evolution]
 36427 | Snake:4  | Reached skill level 18 in Invocations
 36437 | Snake:4  | Got a serpentine rune of Zot
 37342 | D:13     | Got a flickering ivory ring
 37580 | D:13     | Found a gate to the Vaults.
 37820 | D:14     | Identified the ring "Guhan" {Wiz rF+} (You took it off a human on level 13 of the Dungeon)
 37923 | D:14     | Found a glowing silver altar of Zin.
 37942 | D:14     | Gained mutation: You occasionally shout uncontrollably at your foes. [evolution]
 38020 | D:14     | Noticed Frances
 38034 | D:14     | Killed Frances
 38700 | D:15     | Entered Level 15 of the Dungeon
 38700 | D:15     | Found Tesub's Weapon Emporium.
 39253 | D:15     | Gained mutation: When low on magic, you restore magic in place of health. [demonic ancestry]
 39253 | D:15     | Reached XP level 19. HP: 163/163 MP: 32/32
 39644 | D:15     | Found a staircase to the Depths.
 40161 | Vaults:1 | Entered Level 1 of the Vaults
 40467 | Vaults:1 | Reached skill level 15 in Dodging
 40737 | Vaults:1 | Noticed Wiglaf
 40756 | Vaults:1 | Killed Wiglaf
 40756 | Vaults:1 | Reached skill level 15 in Long Blades
 41040 | Vaults:1 | Reached skill level 19 in Invocations
 41250 | Vaults:1 | Found Tarauken's Food Shop.
 41677 | Vaults:2 | Found a flickering gateway to a bazaar.
 41685 | Bazaar   | Entered a bazaar
 41685 | Bazaar   | Found Porghialu's Assorted Antiques.
 41685 | Bazaar   | Found Inekist's Jewellery Shoppe.
 41685 | Bazaar   | Found Wuongul's Weapon Emporium.
 41687 | Bazaar   | Found Farakk's Weapon Emporium.
 41720 | Vaults:2 | Noticed Aizul
 41734 | Vaults:2 | Killed Aizul
 42123 | Vaults:2 | Reached skill level 15 in Armour
 42796 | Vaults:3 | Found a gateway to a bazaar.
 42810 | Bazaar   | Entered a bazaar
 42810 | Bazaar   | Found Batwant's General Store.
 42810 | Bazaar   | Found Piewk's Antique Armour Shop.
 42857 | Bazaar   | Found Cofad's Antique Weapon Shop.
 42865 | Bazaar   | Bought an ichor-stained great sword for 276 gold pieces
 42866 | Bazaar   | Identified the +8 great sword "Godettin" {freeze, +Fly rElec Dex+3} (You bought it in a shop in a bazaar)
 42880 | Bazaar   | Bought a runed gold dragon armour for 1840 gold pieces
 42943 | Vaults:3 | Gained mutation: You resist negative energy. [demonic ancestry]
 42943 | Vaults:3 | Reached XP level 20. HP: 173/173 MP: 33/33
 43048 | Vaults:3 | Lost mutation: You can spit weak poison. [a neqoxec]
 43050 | Vaults:3 | Gained mutation: You are frail (-10% HP). [a neqoxec]
 43350 | Vaults:3 | Found a staircase to the Crypt.
 44017 | Vaults:4 | Found a portal to a secret trove of treasure.
 44023 | Vaults:4 | Found Waneuz's Assorted Antiques.
 44053 | Vaults:4 | Reached skill level 20 in Invocations
 44101 | Vaults:4 | You paid a toll of 19 potions of curing to enter a treasure trove
 44102 | Trove    | Entered a treasure trove
 44115 | Trove    | Got a fine tin amulet
 44124 | Trove    | Got a transparent iron ring
 44139 | Trove    | Identified the amulet "Xoseebb" {Faith Int+3} (You found it in a treasure trove)
 44147 | Trove    | Identified the ring of Aplurum {MR+ MP+9 Dex+4 Slay+3} (You found it in a treasure trove)
 44164 | Trove    | Got a transparent lead ring
 44165 | Trove    | Identified the ring "Xuyhie" {Int+3 SInv Stlth+} (You found it in a treasure trove)
 44182 | Trove    | Got a vibrating tin ring
 44184 | Trove    | Identified the ring of Loaluk {rF+ MP+9 Dex+5} (You found it in a treasure trove)
 44464 | Vaults:4 | Got a bone scimitar
 44465 | Vaults:4 | Identified the cursed +2 scimitar of the Empty Page {flame, rPois} (You found it on level 4 of the Vaults)
 44493 | Vaults:4 | Noticed Xtahua
 44501 | Vaults:4 | Killed Xtahua
 44831 | Vaults:4 | Noticed Sojobo
 44854 | Vaults:4 | Killed Sojobo
 44990 | Vaults:4 | Noticed Mennas
 45040 | Vaults:4 | Killed Mennas
 45430 | Vaults:4 | Bought a potion of curing for 84 gold pieces
 45430 | Vaults:4 | Bought a wooden ring for 140 gold pieces
 45844 | Elf:1    | Entered Level 1 of the Elven Halls
 45878 | Elf:1    | Cast into the Abyss (deep elf knight)
 45878 | Abyss:1  | Found a blossoming altar of Fedhas.
 45928 | Abyss:1  | Gained mutation: You have claws for hands. [demonic ancestry]
 45928 | Abyss:1  | Reached XP level 21. HP: 138/166 MP: 35/35
 46255 | Abyss:1  | Killed from afar by a Hell Sentinel

Vault maps used:
D:1:      shiori_arrival_maze
D:3:      forest_paths, fiery_altar_vehumet, portal_sewer_entry_b
D:4:      kennysheep_little_box, first_bread
D:5:      cheibriados_altar_1, nicolae_ossuary_entry_giza, st_stairs_5,
          minmay_ogre_servants, uniq_duvessa
D:6:      fedhas_altar_2, temple_statues, serial_shops, shop, uniq_sigmund
D:7:      lemuel_mausoleum_altar_yredelemnul
D:8:      lemuel_crystal_altar, nicolae_ru_awakened_eye, uniq_psyche
D:9:      zin_treasury, lair_0_dummy, uniq_erolcha
D:12:     hiddenorc2_lemuel, grunt_livestock, onia_ninara_cookie, uniq_sonja
D:13:     grunt_vaults_entry_tiered
D:14:     minmay_misc_feat_more_columns, special_room, kennysheep_flooded_box,
          lemuel_tele_altar, uniq_frances
D:15:     gammafunk_enter_depths_forms, serial_bayou_pond_a, serial_shops,
          nicolae_shop_waterfront
Temple:   nicolae_temple_x_marks_the_god
Lair:1:   minmay_lair_venomous_thicket, serial_bayou_shore_a
Lair:2:   dragon1_lemuel, beast_lair_carwin_10, bh_autumn_forest_stairs
Lair:3:   grunt_forest_large_clearing_hut, uniq_snorg
Lair:4:   minmay_snake_entry_six_corridors, uniq_josephine
Lair:5:   gammafunk_lair_enchanted_lake, lab_entry_generic, lemuel_centaur_altar
Lair:6:   swamp_mist, infiniplex_staircase_pool_2, grunt_megastairs_1,
          lemuel_fruit_tree
Lair:7:   slime_altar_1, minmay_another_anthill, serial_bayou_shore_b
Lair:8:   due_jungle_book, serial_bayou, serial_bayou_crossing,
          serial_bayou_lagoon_b, serial_bayou_ford_a, serial_bayou_pond_d,
          nicolae_volcano_entry_vermiform, uniq_nessos
Swamp:1:  serial_swamp_ruin, evilmike_swamp_ruin_house_4,
          evilmike_swamp_ruin_house_2
Swamp:2:  infiniplex_staircase_pool, swamp_pool2, uniq_louise
Swamp:3:  evilmike_swamp_ruin_wall
Swamp:4:  grunt_swamp_rune_castle
Snake:1:  serial_shops, shop, corexii_hall_statues_l, st_stairs_13,
          serial_bayou_shore_b
Snake:2:  grunt_ministairs_12
Snake:3:  nicolae_snake_springs, basic_stair_grate_trap, uniq_vashnia,
          uniq_roxanne
Snake:4:  snake_hunt, grunt_ministairs_6
Orc:1:    basic_altar
Orc:2:    serial_shops, shop
Orc:3:    portal_ice_cave_entry_pillars_01, nicolae_orc_pool_cavern
Orc:4:    grunt_orc_community_town_hall, grunt_orc_community_big_house_1,
          grunt_orc_community_big_house_2, grunt_orc_community_house_2,
          grunt_orc_community_house_1, grunt_orc_community_house_2,
          grunt_orc_community_house_1, grunt_orc_community_house_1
Elf:1:    elf_arrival_002, serial_shops, shop, hangedman_elf_disciples
Vaults:1: dpeg_vaults_monster_box, v_rooms_4, ontoclasm_vaults_ring_square,
          v_pattern_4, v_misc_26, v_rooms_4, st_cells, serial_shops, shop,
          uniq_wiglaf
Vaults:2: ontoclasm_vaults_ligature, vaults_dpeg_ring,
          grunt_vaults_hallway_long, ontoclasm_vaults_eye,
          vaults_dpeg_encased_lava, vaults_room_pool, grunt_vaults_hallway_long,
          nicolae_vaults_little_squares_2, serial_shops, bzr_entry_water,
          uniq_aizul
Vaults:3: hangedman_vaults_trim, v_alt_pattern_3, hangedman_vaults_nails,
          minmay_crypt_entry_vampire_xt, nicolae_vaults_yaktaur_gun_rack,
          nicolae_vaults_puzzle_piece, vaults_room_semicircle, v_misc_3,
          v_misc_3, v_misc_16, hangedman_vaults_stretched_pinwheel,
          ontoclasm_vaults_ring_small, vaults_room_glass_cross, v_misc_25,
          serial_shops, statue_bzr
Vaults:4: grunt_vaults_funnel, nicolae_vaults_little_squares_6,
          ontoclasm_vaults_fault, ontoclasm_vaults_hangar,
          nicolae_vaults_triangles, v_misc_30, v_misc_18,
          hangedman_vaults_restitches, ontoclasm_vaults_spin,
          vaults_room_door_ring, vaults_mumra_lcd, serial_shops,
          nicolae_shop_overgrown_old_shop, nicolae_trove_entry_crossroad,
          uniq_mennas, uniq_xtahua, uniq_sojobo
Lab:      labyrinth_skeletal_remains
Bazaar:   bazaar_general_marketplace, bazaar_jpeg_cross
Trove:    trove_jewel_1
Sewer:    sewer_frog_island_02
Ossuary:  ossuary_tomb_3
IceCv:    ice_cave_small_giant
Volcano:  volcano_lake

Action                   |  1- 3 |  4- 6 |  7- 9 | 10-12 | 13-15 | 16-18 | 19-21 || total
-------------------------+-------+-------+-------+-------+-------+-------+-------++-------
Melee: Long sword        |   133 |   406 |   461 |       |       |       |       ||  1000
       Great sword       |       |       |   117 |  1133 |  1574 |  1639 |  1430 ||  5893
Invok: Elemental Force   |       |       |       |     1 |     5 |     7 |     2 ||    15
       Disaster Area     |       |       |       |     1 |       |       |       ||     1
       Upheaval          |       |       |       |       |     6 |     5 |       ||    11
 Abil: Evoke Flight      |       |       |       |       |     4 |       |       ||     4
       Stop Flying       |       |       |       |       |     2 |       |       ||     2
Evoke: Wand              |       |       |     4 |    16 |     3 |     3 |       ||    26
  Use: Scroll            |     6 |     8 |     7 |     4 |    24 |     5 |    14 ||    68
       Potion            |       |     1 |     2 |     1 |     7 |     3 |     1 ||    15
 Stab: Sleeping          |       |     1 |     1 |       |       |       |       ||     2
       Distracted        |       |       |     1 |       |       |       |     1 ||     2
       Invisible         |       |       |       |     5 |       |     5 |       ||    10
  Eat: Chunk             |     3 |    13 |    15 |    24 |    36 |    33 |    24 ||   148
       Royal jelly       |       |       |     1 |       |       |       |       ||     1
       Bread ration      |       |       |       |       |     2 |       |       ||     2
       Fruit             |       |       |       |       |       |     2 |       ||     2
